Match 42944482
Unlisted

Match 42944482
End
Vickers Machine Gun Team
Construct Section Command Post
Infantry Section
Infantry Section
Vickers Machine Gun Team
Construct Platoon Command Post
Humber Armored Car
Construct Field Infirmary
Infantry Section
Royal Engineer Section
6-pounder Anti-tank Gun Team
Construct Company Command Post
Selects Heavy Armor Battlegroup
Selects Light Vehicle Withdraw and Refit
Selects Radio Net
Selects Recon Artillery
Recon Artillery
Foot Guards Section
Foot Guards Section
Recon Artillery
Unlock M3 Grant Medium Tanks
Infantry Training
6-pounder Anti-tank Gun Team
Recon Artillery
M3 Grant Medium Tank
ZmiO
General Winter
jhc0928d
水银灯
Hunter
我真的不是驴
0
0

Comments sign in to comment!

No comments posted yet!